 Dungeon Crawl Stone Soup version 0.32-a0-909-gc671339a80 (webtiles) character file.

Game seed: 9844660442998802672

1084 Aldia the Firebug (level 8, -15/102 HPs)
             Began as a Mountain Dwarf Fire Elementalist on Apr 6, 2024.
             Demolished by Edmund
             ... wielding a +6 heavy flail
              (16 damage)
             ... on level 5 of the Dungeon.
             The game lasted 00:10:04 (4022 turns).

Aldia the Firebug (MDFE)                            Turns: 4022, Time: 00:10:05

Health: -15/102    AC:  4    Str: 13    XL:     8   Next: 8%
Magic:  16/21      EV:  9    Int: 16    God:
Gold:   217        SH:  0    Dex: 10    Spells: 6/13 levels left

rFire   + . .        F - +3 war axe (freeze)
rCold   . . .        (no shield)
rNeg    . . .        t - +0 ring mail
rPois   .            c - +0 helmet
rElec   .            (no cloak)
rCorr   .            (no gloves)
SInv    .            s - +0 pair of boots
Will    .....        (no amulet) Stlth
                     l - ring of protection from fire
HPRegen 0.37/turn    p - ring of magical power
MPRegen 0.17/turn

%: no passive effects
@: berserking, corroded, very slightly contaminated, very quick
A: runic magic, artefact enchanting
a: no special abilities


You were on level 5 of the Dungeon.
You visited 1 branch of the dungeon, and saw 5 of its levels.

You collected 230 gold pieces.
You spent 13 gold pieces at shops.

Inventory:

Hand Weapons
 i - the +7 hand cannon "Mule" {flame, backblast, rF+}
   (You found it on level 4 of the Dungeon)

   rF+:       It protects you from fire.
 j - a +2 dagger of venom
 w - a +0 whip
 D - a +4 short sword of electrocution
 F - a +3 war axe of freezing (weapon)
Armour
 a - a +0 robe
 c - a +0 helmet (worn)
 q - a +0 plate armour
 s - a +0 pair of boots (worn)
 t - a +0 ring mail (worn)
 y - a +0 chain mail
Jewellery
 h - an amulet of faith
 l - a ring of protection from fire (left hand)
 p - a ring of magical power (right hand)
Wands
 B - a wand of charming (7)
 E - a wand of flame (23)
Scrolls
 d - a scroll of vulnerability
 f - a scroll of fear {unknown}
 g - a scroll of brand weapon {unknown}
 k - a scroll of noise
 o - a scroll of enchant weapon
 x - a scroll of fog {unknown}
Potions
 b - a potion of magic
 e - 2 potions of curing
 n - a potion of attraction {unknown}
 r - a potion of might {unknown}
 u - a potion of haste {unknown}
 v - 3 potions of cancellation
 z - a potion of invisibility {unknown}
 A - a potion of brilliance
 C - a potion of lignification


   Skills:
 + Level 5.0 Fighting
 * Level 1.6 Axes
 - Level 4.6 Ranged Weapons
 + Level 3.6 Armour
 - Level 1.3 Dodging
 - Level 1.4 Stealth
 - Level 3.0 Spellcasting
 - Level 1.0 Conjurations
 - Level 5.0 Fire Magic


You had 6 spell levels left.
You knew the following spells:

 Your Spells              Type           Power      Damage    Failure   Level
a - Foxfire               Conj/Fire      48%        2x1d6     6%          1
b - Scorch                Fire           36%        2d6       4%          2
c - Flame Wave            Conj/Fire      12%        2d6       54%         4

Your spell library contained the following spells:

 Spells                   Type           Power      Damage    Failure   Level
 Inner Flame              Hex/Fire       10%        N/A       24%         3
 Volatile Blastmotes      Fire/Tloc      20%        2d11      24%         3


Dungeon Overview and Level Annotations

Branches:
Dungeon (5/15)
 Temple: D:4-7

Altars:

Shops:
D:3 [   D:4 *

Annotations:
D:5 Edmund


Innate Abilities, Weirdness & Mutations

Your spellcasting is much less encumbered by armour.
You can use scrolls of enchantment on lesser artefacts.


Message History

Casting: Scorch (safe; 4% risk of failure)
Confirm with . or Enter, or press ? or * to list all spells.
Flames lash the gnoll.
The gnoll is heavily wounded.
The gnoll's fire resistance burns away.
The jelly hits you but does no damage.
The gnoll hits you from afar with a +0 spear!
Edmund hits you but does no damage.
Unknown command.
The +7 hand cannon "Mule" {flame, backblast, rF+} stops flaming.
Your +3 war axe of freezing glows with a cold blue light!
F - a +3 war axe of freezing (weapon)
The jelly barely misses you.
Unknown command.
Unknown command.
A red film seems to cover your vision as you go berserk!
You feel yourself moving faster!
You feel mighty!
Edmund is no longer more vulnerable to fire.
The gnoll hits you from afar with a +0 spear.
Edmund hits you with a +6 heavy flail!
* * * LOW HITPOINT WARNING * * *
The jelly hits you but does no damage.
Unknown command.
You hit Edmund but do no damage.
Edmund is lightly wounded.
You hit the jelly. You freeze the jelly.
Your hands burn!
* * * LOW HITPOINT WARNING * * *
The gnoll hits you from afar with a +0 spear.
* * * LOW HITPOINT WARNING * * *
Unknown command.
You slash Edmund! You freeze Edmund.
Edmund is moderately wounded.
You hit the jelly. You freeze the jelly. The acid corrodes you!
Your hands burn!
* * * LOW HITPOINT WARNING * * *
The jelly hits you but does no damage.
The gnoll hits you from afar with a +0 spear.
* * * LOW HITPOINT WARNING * * *
Edmund hits you with a +6 heavy flail!
You die...
Edmund whines, "They better pay attention to me now!"

.##...... .......!.. ....
.#.......# .... ..<
#.......# #........
#.......###....#....
...........). .....
##......).###...##.
#......@g)#........
#../..@J.........#
...#.###..........#.
#.......##....... ..
...............##...... .
............#...#...... ##.
#............##........
#...#<.........###.........
##...#..........##..........
................#...........


You could see Edmund, a jelly and a gnoll (combustible).

Vanquished Creatures
  Grinder (D:5)
  A hornet (D:4)
  A phantom (D:4)
  A scorpion (D:4)
  A gnoll bouda (D:5)
  2 hounds (D:4)
  2 jellies
  An orc priest (D:4)
  Ijyb (D:3)
  Terence (D:3)
  An orc wizard (D:4)
  2 iguanas (D:5)
  Natasha (twice) (D:3)
  7 adders
  8 gnolls
  4 dart slugs
  A ribbon worm (D:4)
  10 orcs
  7 ball pythons
  5 endoplasms
  2 giant cockroaches
  4 goblins
  A hobgoblin (D:4)
  A jackal (D:1)
  5 quokkas
  5 bats
  8 frilled lizards
  5 kobolds
  3 rats (D:2)
93 creatures vanquished.

Vanquished Creatures (others)
  83 foxfires
83 creatures vanquished.

Grand Total: 176 creatures vanquished

Notes
Turn   | Place    | Note
-------+----------+-------------------------------------------
     0 | D:1      | Aldia the Mountain Dwarf Fire Elementalist began the quest
                  | for the Orb.
     0 | D:1      | Reached XP level 1. HP: 14/14 MP: 3/3
   143 | D:1      | Reached skill level 1 in Conjurations
   294 | D:1      | Reached XP level 2. HP: 18/22 MP: 1/4
   320 | D:1      | Learned a level 2 spell: Scorch
   703 | D:1      | Reached skill level 1 in Fighting
   704 | D:1      | Found a faded altar of an unknown god.
   886 | D:2      | Reached XP level 3. HP: 28/28 MP: 1/6
   938 | D:2      | You fall into a shaft and drop 2 floors!
   957 | D:4      | Found Zumuog's General Store.
   958 | D:4      | Found the +7 hand cannon "Mule" {flame, backblast, rF+}
   981 | D:4      | Bought a potion of degeneration for 13 gold pieces
  1605 | D:2      | Reached XP level 4. HP: 36/36 MP: 4/7
  1610 | D:2      | Learned a level 4 spell: Flame Wave
  1821 | D:2      | Reached skill level 5 in Fire Magic
  1859 | D:2      | Reached skill level 1 in Ranged Weapons
  2149 | D:3      | Noticed Natasha
  2150 | D:3      | Killed Natasha
  2151 | D:3      | Reached XP level 5. HP: 42/42 MP: 8/8
  2293 | D:3      | Found Lintuneq's Antique Armour Boutique.
  2295 | D:3      | Noticed Terence
  2300 | D:3      | Killed Terence
  2420 | D:3      | Noticed Natasha
  2421 | D:3      | Killed Natasha
  2661 | D:3      | Noticed Ijyb
  2663 | D:3      | Killed Ijyb
  2942 | D:4      | Reached XP level 6. HP: 51/51 MP: 10/10
  2983 | D:4      | Reached skill level 1 in Armour
  3255 | D:4      | Reached XP level 7. HP: 58/58 MP: 11/11
  3577 | D:5      | Entered Level 5 of the Dungeon
  3614 | D:5      | Noticed a hornet
  3614 | D:5      | Noticed Edmund
  3638 | D:4      | Killed a hornet
  3838 | D:5      | Noticed Grinder
  3843 | D:5      | Paralysed by Grinder for 3 turns
  3850 | D:5      | Killed Grinder
  4002 | D:5      | Reached XP level 8. HP: 67/67 MP: 12/12
  4010 | D:5      | Reached skill level 1 in Axes
  4016 | D:5      | Reached skill level 5 in Fighting
  4022 | D:5      | HP: 5/102 [acid (3)]
  4022 | D:5      | HP: 1/102 [gnoll/+0 spear[a gnoll bouda] (4)]
  4022 | D:5      | Demolished by Edmund

Illustrated notes

Levels and vault maps discovered:
D:1:      dpeg_arrival_orchard, layout_rooms,
          shapermc_ecumenical_altar_notcrosses, minmay_pentomino_o2
D:2:      layout_rooms
D:3:      minmay_bubble_buster, layout_basic, serial_shops,
          nicolae_shop_waterfront, grunt_decor_fettered, uniq_terence,
          uniq_ijyb, uniq_natasha
D:4:      layout_basic, serial_shops, shop
D:5:      layout_cave_pools, uniq_grinder, uniq_edmund

Skill      XL: |  1  2  3  4  5  6  7  8 |
---------------+-------------------------+-----
Conjurations   | 1 |  1.0
Fire Magic     | 4 5 |  5.0
Spellcasting   | 2 3 |  3.0
Fighting       | 1 2 3 4 5 |  5.0
Ranged Weapons | 1 2 3 4 |  4.6
Armour         | 1 3 |  3.6
Axes           | 1 |  1.6
Dodging        | |  1.3
Stealth        | |  1.4

Action                     |  1- 3 |  4- 6 |  7- 9 || total
---------------------------+-------+-------+-------++-------
  Melee: Unarmed           |     4 |       |       ||     4
         Dagger            |    35 |       |       ||    35
         Club              |     1 |       |       ||     1
         War axe           |       |       |     2 ||     2
   Fire: Hand cannon       |       |    76 |    39 ||   115
   Cast: Foxfire           |    47 |       |       ||    47
         Scorch            |     7 |     3 |     5 ||    15
    Use: Scroll            |     6 |     3 |     2 ||    11
         Potion            |       |       |     2 ||     2
 Armour: Robe              |    13 |       |       ||    13
         Ring mail         |    17 |    27 |    43 ||    87
  Dodge: Dodged            |    26 |    14 |    21 ||    61

Table legend: (Time is in decaauts)
 A = Elapsed time spent in this place.
 B = Non-inter-level travel time spent in this place.
 C = Inter-level travel time spent in this place.
 D = Time resting spent in this place.
 E = Time spent auto-exploring this place.
 F = Levels seen in this place.
 G = Mean time per level.
                   A        B        C        D        E       F      G
               +--------+--------+--------+--------+--------+-----+--------+
         Total |   4123 |   3939 |    184 |    194 |   3014 |   5 |  824.6 |
       Dungeon |   4123 |   3939 |    184 |    194 |   3014 |   5 |  824.6 |
               +--------+--------+--------+--------+--------+-----+--------+

Top non-repeatable levels by time:
     D:3: 1186 daAuts
     D:4: 1132 daAuts
     D:1: 816 daAuts
     D:2: 718 daAuts
     D:5: 269 daAuts
